 Dungeon Crawl Stone Soup version 0.25.1-2-g60ff931df9 (webtiles) character file.

Game seed: 742946582376926473

40 hawla the Skirmisher (level 3, -8/34 HPs)
             Began as a Minotaur Berserker on Oct 26, 2020.
             Was a Believer of Trog.
             Killed by divine providence
             ... invoked by an orc priest
              (9 damage)
             ... on level 2 of the Dungeon.
             The game lasted 00:02:20 (1282 turns).

hawla the Skirmisher (Minotaur Berserker)           Turns: 1282, Time: 00:02:21

Health: -8/34      AC:  3    Str: 22    XL:     3   Next: 30%
Magic:  2/2        EV: 12    Int:  4    God:    Trog [**....]
Gold:   92         SH:  0    Dex:  9    Spells: 2/2 levels left

rFire    . . .     SeeInvis .   a - +0 falchion
rCold    . . .     Gourm    .   (no shield)
rNeg     . . .     Faith    .   b - +0 animal skin
rPois    .         Spirit   .   (helmet restricted)
rElec    .         Reflect  .   d - +0 cloak
rCorr    .         Harm     .   (no gloves)
MR       .....                  (no boots)
Stlth    +.........             (no amulet)
HPRegen  0.11/turn              (no ring)
MPRegen  0.08/turn              (no ring)

@: stab
A: retaliatory headbutt, horns 2
a: Berserk, Trog's Hand, Renounce Religion


You were on level 2 of the Dungeon.
You worshipped Trog.
Trog was pleased with you.
You were not hungry.

You visited 1 branch of the dungeon, and saw 2 of its levels.

You collected 92 gold pieces.

Inventory:

Hand Weapons
 a - a +0 falchion (weapon)
Armour
 b - a +0 animal skin (worn)
 d - a +0 cloak (worn)
 e - a +0 leather armour
 i - a +0 chain mail
Scrolls
 j - a scroll of remove curse {unknown}
 k - a scroll of fog {unknown}
Potions
 h - 2 potions of cancellation {unknown}
Comestibles
 c - a ration
 f - 6 chunks of flesh


   Skills:
 + Level 4.4 Fighting
 + Level 4.3 Long Blades
 + Level 2.6 Armour
 + Level 2.6 Dodging


You had 2 spell levels left.
You didn't know any spells.
Your spell library was empty.

Dungeon Overview and Level Annotations

Branches:
Dungeon (2/15)

Altars:


Innate Abilities, Weirdness & Mutations

You reflexively headbutt those who attack you in melee.
You have a pair of horns on your head.


Message History

Trog accepts your kill.
The orc priest hits you with a +0 dagger.
The kobold barely misses you.
You are too injured to fight recklessly!
You are too injured to fight recklessly!
Unknown command.
The orc priest hits you with a +0 dagger.
The orc priest calls down the wrath of Beogh upon you.
Beogh smites you!
* * * LOW HITPOINT WARNING * * *
The orc throws a boomerang.
The boomerang barely misses you.
The weapon returns to the orc!
The orc throws a boomerang.
The boomerang hits you.
* * * LOW HITPOINT WARNING * * *
The weapon returns to the orc!
It was a potion of stabbing.
You feel ready to backstab.
The orc priest calls down the wrath of Beogh upon you.
Beogh smites you!
You die...

#....>.# #.#
###########......# #.#
.........##......# #.#
########.###...).# #.#
## #
#.#.......###'########..
#
#.#.....†oo...........#
###
#.#.....Ko............+
..#
#.#####+#.............##
..# #.#
#..@.............. ..#
#.# ##..........######
..# ##'######..........#
..# #......###..##....##
..#####......#
#..##....#######
.<...........#
##.##.##.......#
#.############ ..#.
##......# .............
...#. #......#
#............
.....###......#


You could see an orc priest, 2 orcs and a kobold.

Vanquished Creatures
  An adder (D:2)
  2 giant cockroaches
  2 hobgoblins
  2 jackals (D:2)
  A ball python (D:1)
  8 bats
  2 frilled lizards
  4 goblins (D:1)
  5 kobolds
  8 rats
35 creatures vanquished.

Notes
Turn   | Place    | Note
-------+----------+-------------------------------------------
     0 | D:1      | hawla the Minotaur Berserker began the quest for the Orb.
     0 | D:1      | Reached XP level 1. HP: 19/19 MP: 0/0
   619 | D:1      | Reached XP level 2. HP: 26/27 MP: 1/1
   856 | D:1      | Reached ** piety under Trog
  1117 | D:2      | Reached XP level 3. HP: 31/34 MP: 2/2
  1281 | D:2      | HP: 1/34 [orc/boomerang (2)]
  1282 | D:2      | Killed from afar by an orc priest

Illustrated notes

Levels and vault maps discovered:
D:1:      ncdulo_halloftheorcs, layout_loops_cross, nrook_mini_backslash
D:2:      layout_basic, nicolae_overflow_hidden_temple, serial_forest,
          infiniplex_forest_clump_tiny, infiniplex_forest_diagonal,
          infiniplex_forest_clump_curved, infiniplex_forest_lined_2,
          wad_floor_pattern_untrapped

Skill      XL: |  1  2 |
---------------+-------+-----
Fighting       | 4 |  4.4
Long Blades    | 4 |  4.3
Armour         | |  2.6
Dodging        | |  2.6

Action                   || total
-------------------------++-------
Melee: Falchion          ||    55
       Headbutt          ||     4
  Use: Potion            ||     1
  Eat: Chunk             ||     1
Armor: Animal skin       ||     8
Dodge: Dodged            ||    53
       Rpst.: Falchion   ||    18
